 Dungeon Crawl Stone Soup version 0.30.0 (webtiles) character file.

Game seed: 6887428240719112372

82 Dani the Chopper (level 4, 35/35 HPs)
             Began as a Demonspawn Fighter on May 20, 2023.
             Quit the game on level 2 of the Dungeon.
             The game lasted 00:03:47 (1162 turns).

Dani the Chopper (Demonspawn Fighter)               Turns: 1162, Time: 00:03:47

Health: 35/35      AC:  6    Str: 17    XL:     4   Next: 21%
Magic:  4/4        EV:  9    Int: 11    God:
Gold:   74         SH:  4    Dex: 12    Spells: 3/3 levels left

rFire   . . .        a - +0 war axe
rCold   . . .        c - +0 buckler
rNeg    . . .        b - +0 scale mail
rPois   .            (no helmet)
rElec   .            (no cloak)
rCorr   .            (no gloves)
SInv    .            (no boots)
Will    .....        (no amulet) Stlth
                     y - +4 ring of slaying
HPRegen 0.25/turn    (no ring)
MPRegen 0.09/turn

%: no passive effects
@: no status effects
A: claws 1, sanguine armour 1, demonic magic 1
a: no special abilities


You were on level 2 of the Dungeon.
You visited 1 branch of the dungeon, and saw 2 of its levels.

You collected 74 gold pieces.

Inventory:

Hand Weapons
 a - a +0 war axe (weapon)
Armour
 b - a +0 scale mail (worn)
 c - a +0 buckler (worn)
Jewellery
 g - a ring of resist corrosion
   (You found it on level 2 of the Dungeon)
 y - a +4 ring of slaying (left claw)
   (You found it on level 1 of the Dungeon)
Wands
 A - a wand of acid (5)
   (You found it on level 2 of the Dungeon)
Scrolls
 h - 3 scrolls of poison
 B - a scroll of blinking
Potions
 d - 2 potions of might
 e - a potion of brilliance
 f - a potion of mutation {!q}
 j - a potion of cancellation {unknown}
 k - 2 potions of haste {unknown}
 m - a potion of invisibility {unknown}
 n - a potion of magic {unknown}


   Skills:
 - Level 3.0 Fighting
 + Level 4.1 Axes
 - Level 2.6 Armour
 - Level 2.6 Shields


You had 3 spell levels left.
You didn't know any spells.
Your spell library contained the following spells:

 Spells                   Type           Power      Damage    Failure   Level
 Shock                    Conj/Air       0%         1d3       83%         1
 Swiftness                Air            0%         N/A       99%         3
 Airstrike                Air            0%         2d(0-16)  100%        4


Dungeon Overview and Level Annotations

Branches:
Dungeon (2/15)

Altars:

Shops:
D:2 [*


Innate Abilities, Weirdness & Mutations

You have sharp fingernails.
When seriously injured, your blood forms armour. (AC +0)
Spells you cast may paralyse adjacent enemies.


Message History

A quokka comes into view.
There are monsters nearby!
There are monsters nearby!
There are monsters nearby!
You block the frilled lizard's attack.
The quokka bites you but does no damage.
You barely miss the quokka. You closely miss the frilled lizard.
The frilled lizard barely misses you. The quokka barely misses you.
There are monsters nearby!
You slash the quokka!
You kill the quokka!
You closely miss the frilled lizard.
The frilled lizard closely misses you. x2
A frilled lizard is nearby!
You completely miss the frilled lizard. You block the frilled lizard's attack.
A frilled lizard is nearby!
You slash the frilled lizard!
You kill the frilled lizard!
Found a leather armour.
No target in view!
Key pressed, stopping explore.
No target in view!
No target in view!
You pick up a book of Air and begin reading...
You add the spells Shock, Swiftness and Airstrike to your library.
No target in view!
Found a dagger.
No target in view!
Key pressed, stopping explore.
No target in view!
You see here a +0 leather armour.
Key pressed, stopping explore.
No target in view!
h - 3 scrolls of poison (gained 2) Key pressed, stopping explore.
No target in view!
You now have 60 gold pieces (gained 6).
You now have 74 gold pieces (gained 14).
Key pressed, stopping explore.
No target in view!
No target in view!
No target in view!
k - 2 sapphire potions (gained 1)
Found a stone staircase leading down.
No target in view!
Found Zaownann's Assorted Antiques.
No target in view!
A jackal comes into view.
The jackal barks!
You hear a bark!
A jackal comes into view.
Found a potion of might.
There are monsters nearby!
There are monsters nearby!
You closely miss the jackal.
The jackal bites you but does no damage.
The jackal barely misses you.
There are monsters nearby!
You barely miss the jackal. You hit the jackal. The jackal bites you.
You block the jackal's attack. The jackal misses you.
The jackal bites you but does no damage.
You hit the jackal.
The jackal is severely wounded.
You hit the jackal but do no damage.
The jackal bites you but does no damage.
You block the jackal's attack. The jackal closely misses you.
The jackal bites you but does no damage.
You slash the jackal!
You kill the jackal!
You miss the jackal. The jackal barely misses you.
The jackal bites you but does no damage.
A jackal is nearby!
You barely miss the jackal. The jackal bites you. x2
A jackal is nearby!
You slash the jackal!
You kill the jackal!
There is a stone staircase leading down, spattered with blood here.
You see here a jackal corpse.
Key pressed, stopping explore.
No target in view!
Key pressed, stopping explore.
No target in view!
There is an entrance to Zaownann's Assorted Antiques here.
Key pressed, stopping explore.
No target in view!
You can access your shopping list by pressing '$'.
You can access your shopping list by pressing '$'.
d - 2 potions of might (gained 1) Key pressed, stopping explore.
Key pressed, stopping explore.
Key pressed, stopping explore.
Key pressed, stopping explore.
A bat comes into view.
The bat barely misses you.
You closely miss the bat. The bat closely misses you.
You barely miss the bat. You block the bat's attack.
The bat closely misses you.
You slash the bat!
You kill the bat!
No target in view!
No target in view!
Are you sure you want to abandon this character and quit the game? (Confirm with "yes".)

......# ......#
######### ......#
#........ ......#
#........ ......#
#........ ......#
#........ ......#
#....^... ......#
#####........ ..#####
#....@....... #..#
#.....####.## ##.#
#.....###
#.#########.........
#..##....##.#####....
##.##.......# ....
#.##.....### ###
###.##....#######
.##.......##....


There were no monsters in sight!

Vanquished Creatures
  4 gnolls
  7 ball pythons (D:1)
  2 bats
  4 endoplasms
  2 giant cockroaches (D:1)
  3 goblins (D:1)
  3 hobgoblins (D:1)
  2 jackals (D:2)
  2 kobolds (D:1)
  3 quokkas
  4 frilled lizards
  3 rats (D:1)
39 creatures vanquished.

Notes
Turn   | Place    | Note
-------+----------+-------------------------------------------
     0 | D:1      | Dani the Demonspawn Fighter began the quest for the Orb.
     0 | D:1      | Reached XP level 1. HP: 18/18 MP: 1/1
    29 | D:1      | Reached skill level 2 in Axes
    76 | D:1      | HP: 3/18 [hobgoblin (2)]
    84 | D:1      | Gained mutation: You have sharp fingernails. [demonic
                  | ancestry]
    84 | D:1      | Reached XP level 2. HP: 6/24 MP: 2/2
    84 | D:1      | HP: 5/24 [hobgoblin (1)]
    85 | D:1      | HP: 2/24 [hobgoblin (1)]
   451 | D:1      | Reached skill level 3 in Axes
   644 | D:1      | Gained mutation: When seriously injured, your blood forms
                  | armour. (AC +0) [demonic ancestry]
   644 | D:1      | Reached XP level 3. HP: 29/29 MP: 3/3
   845 | D:2      | Found Surchugha's Armour Emporium.
   845 | D:2      | Noticed an animated plate armour
   845 | D:2      | Noticed an animated storm dragon scales
   977 | D:2      | Reached skill level 4 in Axes
   977 | D:2      | Gained mutation: Spells you cast may paralyse adjacent
                  | enemies. [demonic ancestry]
   977 | D:2      | Reached XP level 4. HP: 24/35 MP: 4/4
  1086 | D:2      | Found Zaownann's Assorted Antiques.
  1162 | D:2      | Quit the game

Illustrated notes

Levels and vault maps discovered:
D:1:      sevenhm_arrival_forest_fort_small_3, layout_loops_cross,
          minmay_tromino_mix6
D:2:      layout_basic, serial_shops, nicolae_shop_mannequins, shop

Skill      XL: |  1  2  3 |
---------------+----------+-----
Axes           | 2 3 4 |  4.1
Fighting       | |  3.0
Armour         | |  2.6
Shields        | |  2.6

Action                     |  1- 3 |  4- 6 || total
---------------------------+-------+-------++-------
  Melee: War axe           |    75 |    13 ||    88
    Use: Scroll            |     5 |       ||     5
 Armour: Scale mail        |    33 |     6 ||    39
  Dodge: Dodged            |    37 |    11 ||    48
  Block: Buckler           |    15 |     5 ||    20

Levels and vault maps discovered:
D:1:      sevenhm_arrival_forest_fort_small_3, layout_loops_cross,
          minmay_tromino_mix6
D:2:      layout_basic, serial_shops, nicolae_shop_mannequins, shop

Table legend: (Time is in decaauts)
 A = Elapsed time spent in this place.
 B = Non-inter-level travel time spent in this place.
 C = Inter-level travel time spent in this place.
 D = Time resting spent in this place.
 E = Time spent auto-exploring this place.
 F = Levels seen in this place.
 G = Mean time per level.
                   A        B        C        D        E       F      G
               +--------+--------+--------+--------+--------+-----+--------+
         Total |   1197 |   1179 |     18 |      0 |    909 |   2 |  598.5 |
       Dungeon |   1197 |   1179 |     18 |      0 |    909 |   2 |  598.5 |
               +--------+--------+--------+--------+--------+-----+--------+

Top non-repeatable levels by time:
     D:1: 888 daAuts
     D:2: 308 daAuts

Table legend:
 A = Kills in this place as a percentage of kills in the entire game.
 B = Kills by you in this place as a percentage of kills by you in the entire game.
 C = Kills by friends in this place as a percentage of kills by friends in the entire game.
 D = Other kills in this place as a percentage of other kills in the entire game.
 E = Experience gained in this place as a percentage of experience gained in the entire game.
 F = Experience gained in this place divided by the number of levels of this place that you have seen.
                   A       B       C       D       E      F
               +-------+-------+-------+-------+-------+----------------------
         Total | 100.0 | 100.0 |   N/A |   N/A | 100.0 |  59.0
       Dungeon | 100.0 | 100.0 |   N/A |   N/A | 100.0 |  59.0
               +-------+-------+-------+-------+-------+----------------------
